 Dungeon Crawl Stone Soup version 0.19-a0-1823-g21c7ecd (webtiles) character file.

1437 Naow the Cleaver (level 8, -1/66 HPs)
             Began as a Minotaur Berserker on Oct 7, 2016.
             Was an Elder of Trog.
             Slain by a leopard gecko (2 damage)
             ... on level 6 of the Dungeon.
             The game lasted 00:07:32 (3570 turns).

Naow the Cleaver (Minotaur Berserker)               Turns: 3570, Time: 00:07:32

Health: -1/66      AC: 12    Str: 22    XL:     8   Next: 45%
Magic:  16/16      EV:  7    Int:  6    God:    Trog [****..]
Gold:   284        SH:  0    Dex: 10    Spells: 0 memorised, 7 levels left

rFire  . . .     SeeInvis .     a - +0 hand axe
rCold  . . .     Gourm    .     h - +0 plate armour
rNeg   . . .     Faith    .     (no shield)
rPois  .         Spirit   .     (helmet restricted)
rElec  .         Dismiss  .     v - +0 cloak
rCorr  .         Reflect  .     (no gloves)
MR     ++...     Harm     .     (no boots)
Stlth  ..........               (no amulet)
                                t - ring of stealth
                                o - ring of magical power

@: lethally poisoned (-1 -> -1), exhausted, regenerating, slowed, very slow
A: retaliatory headbutt, horns 2
a: Berserk, Trog's Hand, Brothers in Arms, Burn Spellbooks, Renounce Religion


You were on level 6 of the Dungeon.
You worshipped Trog.
Trog was greatly pleased with you.
You were near starving.

You visited 1 branch of the dungeon, and saw 6 of its levels.

You collected 284 gold pieces.

Inventory:

Hand Weapons
 a - a +0 hand axe (weapon)
Armour
 b - a +0 animal skin
 h - a +0 plate armour (worn)
 v - a +0 cloak (worn)
Jewellery
 o - a ring of magical power (left hand)
 t - a ring of stealth (right hand)
Scrolls
 e - a scroll of amnesia {unknown}
 f - a scroll of blinking {unknown}
 i - 3 scrolls of remove curse {unknown}
 j - 4 scrolls of fog {unknown}
 l - 3 scrolls of teleportation {unknown}
 p - 5 scrolls of identify {unknown}
 q - a scroll of recharging {unknown}
 u - a scroll of magic mapping {unknown}
Potions
 d - 3 potions of agility {unknown}
 g - a potion of brilliance {unknown}
 m - a potion of haste {unknown}
 s - 3 potions of heal wounds {unknown}
 x - a potion of cure mutation {unknown}
Comestibles
 c - 7 bread rations
 k - 2 slices of pizza
 n - 5 fruits
 r - a meat ration
 w - 9 chunks of flesh


   Skills:
 - Level 4.2 Fighting
 + Level 12.4 Axes
 - Level 2.8 Armour
 - Level 2.2 Dodging


You had 7 spell levels left.
You didn't know any spells.

Dungeon Overview and Level Annotations

Branches:
Dungeon (6/15)
 Temple: D:4-7

Altars:
Hepliaklqana
Okawaru
Qazlal

Shops:
D:4 !


Innate Abilities, Weirdness & Mutations

You reflexively headbutt those who attack you in melee.
You have a pair of horns on your head.


Message History

You feel very sick.
There is an open door, spattered with blood here.
A leopard gecko comes into view.
You feel very sick.
The leopard gecko hisses angrily.
A water moccasin zombie comes into view.
You see here a bullfrog corpse.
You feel very sick.
There is an open door, spattered with blood here.
You feel very sick.
You feel very sick.
A worker ant comes into view.
You feel sick.
You feel very sick.
The worker ant twitches its antennae in your direction.
The leopard gecko bites you.
* * * LOW HITPOINT WARNING * * *
Your two-headed ogre goes berserk!
You feel quite a bit more hungry.
You feel sick. The leopard gecko bites you.
You die...

.............#....#.......#
#.>..........#....#.......#
#....##......#..[.+.......#
##...##....###..####.....##
8#...##....###..####.....##
##...#...##.'.............#
#....#..#####.............#
#....##.# ##...O.........#
#######.# ##....@.....(...#
..# +......lZ.......# #.#
########'######## #.#
#†.a..# ..# #..............
...............
...............
....lZ.........
###..###+##.##.


You could see a worker ant, a water moccasin zombie, a leopard gecko and a
friendly two-headed ogre (berserk).

Vanquished Creatures
  The ghost of Psaro the Slinger, a novice HaHu of Okawaru (D:6)
  An ogre (D:4)
  2 bullfrogs
  2 scorpions
  A howler monkey (D:6)
  A bullfrog skeleton (D:5)
  A hound (D:5)
  2 orc priests
  A gnoll shaman (D:6)
  4 orc wizards
  3 worker ants (D:4)
  A hound zombie (D:6)
  5 gnolls (D:6)
  4 adders
  A shadow imp (D:5)
  3 oozes
  2 adder skeletons
  4 worms
  3 dart slugs
  7 leopard geckos
  25 orcs
  2 ball pythons
  7 bats
  A giant cockroach (D:3)
  8 goblins
  6 hobgoblins
  3 jackals (D:3)
  2 quokkas
  5 frilled lizards
  8 kobolds
  2 leopard gecko skeletons (D:4)
  A leopard gecko zombie (D:5)
  6 rats
125 creatures vanquished.

Notes
Turn   | Place    | Note
-------+----------+-------------------------------------------
     0 | D:1      | Naow the Minotaur Berserker began the quest for the Orb.
     0 | D:1      | Reached XP level 1. HP: 19/19 MP: 0/0
    71 | D:1      | Reached XP level 2. HP: 22/27 MP: 1/1
   153 | D:1      | Reached skill level 4 in Axes
   340 | D:2      | Reached XP level 3. HP: 23/33 MP: 2/2
   456 | D:2      | Reached ** piety under Trog
   648 | D:2      | Reached skill level 5 in Axes
   978 | D:3      | Reached XP level 4. HP: 40/40 MP: 3/3
   981 | D:3      | Reached skill level 6 in Axes
  1067 | D:3      | Reached XP level 5. HP: 32/46 MP: 4/4
  1131 | D:3      | Reached *** piety under Trog
  1634 | D:3      | Reached skill level 7 in Axes
  1835 | D:4      | Noticed an ogre
  1840 | D:4      | Killed an ogre
  1840 | D:4      | Reached skill level 8 in Axes
  1840 | D:4      | Reached XP level 6. HP: 52/52 MP: 5/5
  2116 | D:4      | Reached **** piety under Trog
  2129 | D:4      | Found a stormy altar of Qazlal.
  2280 | D:4      | Found Genouwir's Distillery.
  2360 | D:4      | Reached skill level 9 in Axes
  2657 | D:5      | Entered Level 5 of the Dungeon
  2772 | D:5      | Reached XP level 7. HP: 59/59 MP: 6/6
  2876 | D:5      | Reached skill level 10 in Axes
  3468 | D:6      | Found a hazy altar of Hepliaklqana.
  3469 | D:6      | Found an iron altar of Okawaru.
  3535 | D:6      | Noticed Psaro's ghost (novice HaHu)
  3547 | D:6      | Reached skill level 11 in Axes
  3558 | D:6      | Killed Psaro's ghost
  3558 | D:6      | Reached skill level 12 in Axes
  3558 | D:6      | Reached XP level 8. HP: 35/66 MP: 7/7
  3569 | D:6      | HP: 2/66 [leopard gecko (2)]
  3570 | D:6      | Slain by a leopard gecko

Vault maps used:
D:1:      doesnt_arrival_goblin_jail
D:3:      grunt_ministairs_13
D:4:      old_standard_altar, first_bread, serial_shops, nicolae_shop_stone
D:6:      gammafunk_temple_overflow_statue, gammafunk_temple_overflow_elements

Skill      XL: |  1  2  3  4  5  6  7 |
---------------+----------------------+-----
Axes           | 4 5 6 8 9 12 | 12.4
Fighting       | 4 |  4.2
Armour         | |  2.8
Dodging        | |  2.2

Action                   |  1- 3 |  4- 6 |  7- 9 || total
-------------------------+-------+-------+-------++-------
Melee: Hand axe          |   108 |   160 |    85 ||   353
       Headbutt          |    12 |    29 |    16 ||    57
Invok: Berserk           |     1 |     1 |     2 ||     4
       Trog's Hand       |       |       |     2 ||     2
       Brothers in Arms  |       |       |     1 ||     1
 Stab: Sleeping          |     1 |       |       ||     1
  Eat: Chunk             |       |     8 |     3 ||    11
       Fruit             |       |       |     1 ||     1
Armor: Animal skin       |     4 |       |       ||     4
       Plate armour      |    69 |    89 |    49 ||   207
Dodge: Dodged            |    30 |    50 |    21 ||   101
